 Dungeon Crawl Stone Soup version 0.28.0-45-g0d030f2227 (webtiles) character file.

Game seed: 10257999549265887833

137 Faeu the Skirmisher (level 5, 0/47 HPs)
             Began as a Minotaur Fighter on Apr 3, 2022.
             Splashed by a jelly's acid (8 damage)
             ... on level 3 of the Dungeon.
             The game lasted 00:05:51 (2832 turns).

Faeu the Skirmisher (Minotaur Fighter)              Turns: 2832, Time: 00:05:51

Health: 0/47       AC: -4    Str: 22    XL:     5   Next: 0%
Magic:  4/4        EV: 10    Int:  5    God:
Gold:   120        SH:  4    Dex: 10    Spells: 4/4 levels left

rFire   . . .      SeeInvis .   a - +0 war axe {axe}
rCold   . . .      Faith    .   c - +0 buckler
rNeg    . . .      Spirit   .   b - +0 scale mail
rPois   .          Reflect  .   (helmet restricted)
rElec   .          Harm     .   (no cloak)
rCorr   .          Rampage  .   (no gloves)
Will    .....                   (no boots)
Stlth   ..........              (no amulet)
HPRegen 0.15/turn               (no ring)
MPRegen 0.09/turn               (no ring)

@: corroded
A: horns 2, retaliatory headbutt
a: no special abilities


You were on level 3 of the Dungeon.
You visited 1 branch of the dungeon, and saw 4 of its levels.

You collected 120 gold pieces.


Innate Abilities, Weirdness & Mutations

You have a pair of horns on your head.
You reflexively headbutt those who attack you in melee.


   Skills:
 + Level 4.3 Fighting
 + Level 3.4 Axes
 + Level 1.7 Throwing
 + Level 4.2 Armour
 + Level 1.8 Dodging
 + Level 4.2 Shields


You had 4 spell levels left.
You didn't know any spells.
Your spell library contained the following spells:

 Spells                   Type           Power      Damage    Failure   Level
 Shock                    Conj/Air       0%         1d3       87%         1
 Swiftness                Air            0%         N/A       99%         3
 Airstrike                Air            0%         N/A       100%        4
 Fireball                 Conj/Fire      0%         3d3       100%        5
 Iskenderun's Battlesphe  Conj           0%         2d6       100%        5
 Conjure Ball Lightning   Conj/Air       0%         3x3d6     100%        6
 Orb of Destruction       Conj           0%         9d5       100%        7

Inventory:

Hand Weapons
 a - a +0 war axe (weapon) {axe}
 q - a +0 whip of venom {mace}
   (You took it off an orc on level 3 of the Dungeon)
Missiles
 f - 6 boomerangs (quivered) {throwing}
 i - 6 atropa-tipped darts {throwing}
 r - 8 poisoned darts {throwing}
Armour
 b - a +0 scale mail (worn)
 c - a +0 buckler (worn)
Jewellery
 j - a ring of positive energy
   (You found it on level 1 of the Dungeon)
Scrolls
 e - a scroll of magic mapping {unknown}
 g - a scroll of blinking {unknown}
 h - a scroll of enchant armour {unknown}
 k - 6 scrolls of identify {unknown}
 l - a scroll of teleportation {unknown}
 p - a scroll of brand weapon {unknown}
Potions
 d - a potion of might
 m - 2 potions of heal wounds {unknown}
 n - 3 potions of resistance {unknown}
 o - 2 potions of degeneration {unknown}
 s - a potion of haste {unknown}

Dungeon Overview and Level Annotations

Branches:
Dungeon (4/15)
 Temple: D:4-7

Altars:
Cheibriados
Elyvilon

Shops:
D:1

( #................# #.....#
#......####.##.### #.....#
#......# #....# #.....#
#......######.######..รท..#
#........#..).....##...รท.##
#........................##
#........#..............)..
#....................#..###
#.........@..........#..###
#####.....J................
#...................###
#.................#.#
#.................#.#
#.............#...#.#
#............#....#.#
#########........##.#
##........#.#


You could see a jelly.


Message History

You block the goblin's attack. ๐Ÿ˜• HP[+1]
You hit the goblin.
You kill the goblin!
The goblin hits you but does no damage.
You closely miss the goblin. Your headbutt misses the goblin.
You block the goblin's attack.
You barely miss the goblin. The goblin closely misses you.
You hit the goblin.
You kill the goblin!
You block the goblin's attack.
You slash the goblin!
You kill the goblin!
Terence screams, "I'm going to kill you!"
Terence barely misses you. You furiously retaliate!
You headbutt Terence, but do no damage. ๐Ÿ˜• HP[+1]
You closely miss Terence. You block Terence's attack.
You hit Terence but do no damage. Your headbutt misses Terence.
Terence barely misses you. You furiously retaliate!
You headbutt Terence! Terence closely misses you. You furiously retaliate!
You headbutt Terence! You hit Terence but do no damage.
Terence barely misses you.
You closely miss Terence. Terence closely misses you.
You closely miss Terence. You headbutt Terence, but do no damage.
Terence hits you but does no damage.
You closely miss Terence.
Terence says, "Rest in peace."
You block Terence's attack. Terence hits you with a +0 mace.
You hit Terence.
You kill Terence! ๐Ÿ˜• HP[+1]
You now have 41 max hp (+1).
You barely miss the goblin. You headbutt the goblin.
You block the goblin's attack. The goblin hits you but does no damage.
You miss the goblin. The goblin barely misses you.
You slash the goblin!
You kill the goblin!
Items here: ))))))))) [ โ€ โ€ โ€ โ€ โ€ โ€ โ€ .
Okay, then.
A bat comes into view. ๐Ÿ˜Ž HP[+3]
You block the bat's attack.
You slash the bat!
You kill the bat!
You have reached level 5! ๐Ÿ˜Ž HP[+6] MP[+1]
You now have 47 max hp (+6).
Your mp is fully restored (4).
You see here a bat corpse.
A frilled lizard comes into view.
The frilled lizard bites you but does no damage.
You barely miss the frilled lizard. The frilled lizard closely misses you.
You furiously retaliate!
You headbutt the frilled lizard.
You kill the frilled lizard!
You see here a +0 club {mace}.
Done exploring.
(D) Dungeon
Where to? (Enter - D:3, ? - help)
There is a stone staircase leading down here.
You climb downwards.
You hear the sound of rushing water.
There is an entrance to a sewer on this level.
Hurry and find it before the portal rusts away!
The jelly quivers.
There is a stone staircase leading up here.
An orc wizard comes into view. It is wielding a +0 dagger.
The orc wizard shouts!
You hear a shout!
An orc comes into view. It is wielding a +0 dagger.
The orc wizard moves out of view.
You hear a shout!
An orc comes into view. It is wielding a +0 flail.
You slash the jelly! The acid corrodes you!
Your hands burn!
You headbutt the jelly.
A hobgoblin comes into view.
The jelly hits you but does no damage.
There is a stone staircase leading up here.
There are no items here.
The jelly misses you.
There are no items here.
The jelly hits you. The acid corrodes you!
You are splashed with acid.
You climb upwards.
There is a stone staircase leading down here. ๐Ÿ˜• HP[-7]
You take 7 damage, and now have 40/47 hp.
You hit the jelly but do no damage.
Your hands burn!
The jelly hits you. The acid corrodes you!
You are splashed with acid! ๐Ÿ˜ฎ HP[-9]
You take 9 damage, and now have 31/47 hp.
You hit the jelly but do no damage. The acid corrodes you!
Your hands burn!
The jelly hits you.
You are splashed with acid!
* * * LOW HITPOINT WARNING * * *
You block the jelly's attack. ๐Ÿ˜จ HP[-15]
You take 15 damage, and now have 16/47 hp.
MASSIVE DAMAGE!! (PAUSE)
You hit the jelly but do no damage.
Your hands burn!
* * * LOW HITPOINT WARNING * * *
You headbutt the jelly, but do no damage.
The jelly hits you.
* * * LOW HITPOINT WARNING * * *
You are splashed with acid!
You die...

Skill      XL: |  1  2  3 |
---------------+----------+-----
Dodging        | 1 |  1.8
Throwing       | 1 |  1.7
Armour         | 4 |  4.2
Fighting       | 4 |  4.3
Axes           | 3 |  3.4
Shields        | 4 |  4.2

Action                   |  1- 3 |  4- 6 || total
-------------------------+-------+-------++-------
Melee: War axe           |    90 |    61 ||   151
       Headbutt          |     8 |    10 ||    18
Armor: Scale mail        |    43 |    19 ||    62
Dodge: Dodged            |    46 |    31 ||    77
Block: Buckler           |    27 |    17 ||    44

Levels and vault maps discovered:
D:1:      dpeg_arrival_renting, layout_loops_corners, serial_shops,
          nicolae_shop_trees, minmay_tetromino_l4
D:2:      layout_basic, chequers_ecumenical_altar_grove, basic_altar
D:3:      layout_rooms, mainiacjoe_overflow_concentric_impassable, uniq_robin,
          uniq_terence
D:4:      layout_loops_ring, nemelex_spade_bored_becter,
          gup_sewer_entry_bubbles, minmay_hedge_maze, uniq_menkaure

Notes
Turn   | Place    | Note
-------+----------+-------------------------------------------
     0 | D:1      | Faeu the Minotaur Fighter began the quest for the Orb.
     0 | D:1      | Reached XP level 1. HP: 19/19 MP: 0/0
     0 | D:1      | magus.rc [v1.9.6]
   184 | D:1      | Reached XP level 2. HP: 27/27 MP: 1/1
   464 | D:1      | Found Limupaju's Antique Weapon Shop.
  1089 | D:2      | Reached skill level 1 in Dodging
  1089 | D:2      | Reached XP level 3. HP: 24/33 MP: 2/2
  1182 | D:2      | Reached skill level 1 in Throwing
  1284 | D:2      | Reached skill level 4 in Armour
  1302 | D:2      | Reached skill level 4 in Fighting
  1302 | D:2      | Reached skill level 3 in Axes
  1302 | D:2      | Reached skill level 4 in Shields
  1332 | D:2      | You pick up a book of Air and begin reading...
  1332 | D:2      | You add the spells Shock, Swiftness and Airstrike to your
                  | library.
  1557 | D:2      | Found a faded altar of an unknown god.
  1836 | D:2      | Reached XP level 4. HP: 40/40 MP: 3/3
  1839 | D:2      | Found a snail-covered altar of Cheibriados.
  2572 | D:3      | You pick up a book of the Spheres and begin reading...
  2572 | D:3      | You add the spells Iskenderun's Battlesphere, Fireball,
                  | Conjure Ball Lightning and Orb of Destruction to your
                  | library.
  2707 | D:3      | Found a white marble altar of Elyvilon.
  2711 | D:3      | Noticed Terence
  2750 | D:3      | Killed Terence
  2785 | D:3      | Reached XP level 5. HP: 47/47 MP: 4/4
  2832 | D:3      | HP: 11/47 [acid (5)]
  2832 | D:3      | Splashed by a jelly's acid

Vanquished Creatures
  Terence (D:3)
  4 adders (D:2)
  3 worms (D:2)
  A dart slug (D:1)
  An orc (D:3)
  4 bats
  7 endoplasms
  3 giant cockroaches (D:1)
  10 goblins
  7 hobgoblins
  3 jackals (D:3)
  2 quokkas (D:2)
  6 ball pythons
  4 frilled lizards
  3 kobolds
  6 rats
65 creatures vanquished.

Table legend:
 A = Non-vault XP
 B = Vault XP
 C = Vault XP percentage of total XP
 D = Non-vault monster count
 E = Vault monster count
 F = Vault count percentage of total count
                 A         B        C        D         E       F
            +---------+---------+-------+---------+---------+-------
      Total |     143 |      54 |  27.4 |      52 |      13 |  20.0
            +---------+---------+-------+---------+---------+-------
        D:1 |      32 |       4 |  11.1 |      18 |       3 |  14.3
        D:2 |      85 |       0 |   0.0 |      18 |       0 |   0.0
        D:3 |      26 |      50 |  65.8 |      16 |      10 |  38.5
            +---------+---------+-------+---------+---------+-------

Illustrated notes

Table legend:
 A = Kills in this place as a percentage of kills in entire the game.
 B = Kills by you in this place as a percentage of kills by you in the entire game.
 C = Kills by friends in this place as a percentage of kills by friends in the entire game.
 D = Other kills in this place as a percentage of other kills in the entire game.
 E = Experience gained in this place as a percentage of experience gained in the entire game.
 F = Experience gained in this place divided by the number of levels of this place that you have seen.
                   A       B       C       D       E      F
               +-------+-------+-------+-------+-------+----------------------
         Total | 100.0 | 100.0 |   N/A |   N/A | 100.0 |  49.2
       Dungeon | 100.0 | 100.0 |   N/A |   N/A | 100.0 |  49.2
               +-------+-------+-------+-------+-------+----------------------

Table legend: (Time is in decaauts)
 A = Elapsed time spent in this place.
 B = Non-inter-level travel time spent in this place.
 C = Inter-level travel time spent in this place.
 D = Time resting spent in this place.
 E = Time spent auto-exploring this place.
 F = Levels seen in this place.
 G = Mean time per level.
                   A        B        C        D        E       F      G
               +--------+--------+--------+--------+--------+-----+--------+
         Total |   2890 |   2839 |     51 |     72 |   2118 |   4 |  722.5 |
       Dungeon |   2890 |   2839 |     51 |     72 |   2118 |   4 |  722.5 |
               +--------+--------+--------+--------+--------+-----+--------+

Top non-repeatable levels by time:
     D:2: 1178 daAuts
     D:1: 1010 daAuts
     D:3: 695 daAuts
     D:4: 7 daAuts
